 Dungeon Sprint DCSS version 0.30-a0-930-gb9d0489357 (webtiles) character file.

Game seed: 14582372672028727936

7 rocky1 the Ducker (level 1, -2/17 HPs)
             Began as a Demonspawn Gladiator on Mar 23, 2023.
             Slain by an iguana (8 damage)
             ... in the Dungeon (Sprint IX: "|||||||||||||||||||||||||||||").
             The game lasted 00:00:13 (86 turns).

rocky1 the Ducker (Demonspawn Gladiator)              Turns: 86, Time: 00:00:14

Health: -2/17      AC:  4    Str: 14    XL:     1   Next: 91%
Magic:  1/1        EV: 13    Int:  9    God:
Gold:   0          SH:  0    Dex: 14    Spells: 0/0 levels left

rFire   . . .      SeeInvis .    a - +0 long sword
rCold   . . .      Faith    .    (no shield)
rNeg    . . .      Spirit   .    b - +0 leather armour
rPois   .          Reflect  .    c - +0 helmet
rElec   .          Rampage  .    (no cloak)
rCorr   .          NoTele   +    (no gloves)
Will    .....                    (no boots)
Stlth   +                        (no amulet)
HPRegen 0.22/turn                (no ring)
MPRegen 0.07/turn                (no ring)

@: no status effects
A: no striking features
a: no special abilities


You were in the Dungeon.
You visited 1 branch

Inventory:

Hand Weapons
 a - a +0 long sword (weapon)
Missiles
 d - a throwing net (quivered)
 e - a javelin
Armour
 b - a +0 leather armour (worn)
 c - a +0 helmet (worn)
Scrolls
 k - a scroll of blinking
Potions
 f - a potion of curing
 g - a potion of heal wounds
 h - a potion of haste
 i - 2 potions of magic
 j - a potion of berserk rage


   Skills:
 + Level 2.4 Fighting
 + Level 3.1 Long Blades
 + Level 2.1 Throwing
 + Level 3.7 Dodging


You couldn't memorise any spells.
You didn't know any spells.
Your spell library was empty.

Dungeon Overview and Level Annotations

Branches:
Dungeon (1/1)

Altars:


Message History

Throw: 3 throwing nets
Press: ? - help, Q - select action, (/) - cycle Shift-Dir - straight line, f - iguana
Aim: an iguana (moderately wounded, 64% to hit)
You throw a throwing net.
The throwing net barely misses the iguana.
The throwing net hits the jelly.
The jelly is caught in the net!
The iguana barely misses you.
The jelly struggles against the net.
You closely miss the iguana.
The iguana is moderately wounded.
The jelly struggles against the net.
The iguana bites you.
Throw: 2 throwing nets
Press: ? - help, Q - select action, (/) - cycle Shift-Dir - straight line, f/p - iguana
Aim: an iguana (moderately wounded, 64% to hit)
You throw a throwing net. The throwing net hits the iguana.
The iguana is caught in the net!
The iguana is moderately wounded.
The iguana struggles against the net.
The jelly struggles against the net.
You hit the iguana.
The iguana is heavily wounded.
The iguana struggles against the net.
The jelly struggles against the net.
You hit the iguana but do no damage.
The iguana is heavily wounded.
The iguana struggles against the net.
The jelly struggles against the net.
You hit the iguana.
The iguana is heavily wounded.
The iguana struggles against the net.
The jelly struggles against the net.
The net rips apart, and the jelly comes free!
The iguana struggles against the net.
You catch the helpless iguana completely off-guard!
You hit the iguana but do no damage.
The iguana is heavily wounded.
The iguana struggles against the net.
The net rips apart, and the iguana comes free!
You hit the iguana.
The iguana is almost dead.
The iguana bites you.
You completely miss the iguana.
The iguana is almost dead.
The iguana bites you!
You die...

▓.▓
▓.▓
▓'▓
▓)▓
▓.▓
▓.▓
▓.▓
▓.▓
▓@▓
▓l▓
▓J▓
▓f▓
▓w▓
▓S▓
▓+▓


You could see a sleepcap, an iguana, a jelly, an adder and a dart slug.

Vanquished Creatures
  A dart slug (D)
  2 endoplasms (D)
  A goblin (D)
  A rat (D)
5 creatures vanquished.

Notes
Turn   | Place    | Note
-------+----------+-------------------------------------------
     0 | D        | rocky1 the Demonspawn Gladiator began the quest for the
                  | Orb.
     0 | D        | Reached XP level 1. HP: 16/16 MP: 1/1
    70 | D        | Noticed an iguana
    70 | D        | Noticed a jelly
    70 | D        | Noticed a sleepcap
    86 | D        | Slain by an iguana

Illustrated notes

Levels and vault maps discovered:
D:        linesprint [early_d, line_temple, items_1, d_10, items_2, lair_1,
          lair_end, items_3, orc_1, orc_end, items_4, d_15, swamp_1, shoals_1,
          snake_1, spider_1, d_20, vaults_1, items_5, swamp_end, shoals_end,
          snake_end, spider_end, vaults_end, d_27, items_6, zot_1, zot_end,
          crypt_end, forest_end, elf_end, slime_end, tomb_end, abyss_end,
          pan_hell_end]

Skill      XL: |  1 |
---------------+----+-----
Throwing       | 2 |  2.1
Dodging        | 3 |  3.7
Long Blades    | 3 |  3.1
Fighting       | |  2.4

Action                     || total
---------------------------++-------
  Melee: Long sword        ||    28
  Throw: Throwing net      ||     2
   Stab: Held in net/web   ||     1
 Armour: Leather armour    ||     4
  Dodge: Dodged            ||    12

Table legend: (Time is in decaauts)
 A = Elapsed time spent in this place.
 B = Non-inter-level travel time spent in this place.
 C = Inter-level travel time spent in this place.
 D = Time resting spent in this place.
 E = Time spent auto-exploring this place.
 F = Levels seen in this place.
 G = Mean time per level.
                   A        B        C        D        E       F      G
               +--------+--------+--------+--------+--------+-----+--------+
         Total |     92 |     92 |      0 |     45 |      0 |   1 |   92.0 |
       Dungeon |     92 |     92 |      0 |     45 |      0 |   1 |   92.0 |
               +--------+--------+--------+--------+--------+-----+--------+

Top non-repeatable levels by time:
       D: 92 daAuts
